TOP OF THE 1ST |
Portland Philospher Kings batting - Pitching for Los Angeles Bruins : RHP Alejandro Méndez
|
Pitching: RHP Alejandro Méndez
|
|
Batting: LHB Keith Beard
|
0-0: Called Strike 0-1: Ball 1-1: Fly out, F4 (Popup, 8RS)
|
Batting: LHB Jeff Daniels
|
0-0: Swinging Strike 0-1: Ground out 3-1 (Groundball, 34)
|
Batting: SHB José Alomar
|
0-0: Swinging Strike 0-1: Foul Ball, location: 2F 0-2: Strikes out looking
|
Top of the 1st over - 0 run(s), 0 hit(s), 0 error(s), 0 left on base; Portland 0 - Los Angeles 0 |
BOTTOM OF THE 1ST |
Los Angeles Bruins batting - Pitching for Portland Philospher Kings : RHP Luis López
|
Pitching: RHP Luis López
|
|
Batting: LHB José Antonio Santiago
|
0-0: Ball 1-0: Ball 2-0: Called Strike 2-1: Ground out 1-3 (Groundball, 15S)
|
Batting: SHB Ramón Lugo
|
0-0: Ball 1-0: Foul Ball, location: 2F 1-1: Foul Ball, location: 2F 1-2: Foul Ball, location: 2F 1-2: Ball 2-2: SINGLE (Line Drive, 7S)
|
Batting: RHB Rubén Calderón
|
0-0: Ball 1-0: Ball 2-0: Foul Ball, location: 2F 2-1: Fly out, F9 (Flyball, 9S)
|
Batting: LHB Richard Hunter
|
0-0: Swinging Strike Ramón Lugo steals 2nd base 0-1: Ball 1-1: Ball 2-1: Foul Ball, location: 2F 2-2: Ground out 4-3 (Groundball, 4)
|
Bottom of the 1st over - 0 run(s), 1 hit(s), 0 error(s), 1 left on base; Portland 0 - Los Angeles 0 |
TOP OF THE 2ND |
Portland Philospher Kings batting - Pitching for Los Angeles Bruins : RHP Alejandro Méndez
|
Batting: LHB Paul Mullins
|
0-0: Swinging Strike 0-1: Ball 1-1: Ground out 6-3 (Groundball, 6)
|
Batting: RHB Aaron Scott
|
0-0: Ball 1-0: Called Strike 1-1: Foul Ball, location: 2F 1-2: Ground out 4-3 (Groundball, 34)
|
Batting: LHB Bill Bertrand
|
0-0: Ball 1-0: Called Strike 1-1: Foul Ball, location: 2F 1-2: Ball 2-2: Ball 3-2: SINGLE (Line Drive, 4M)
|
Batting: RHB Elpidio Martinho
|
0-0: Ball 1-0: Ball 2-0: Called Strike 2-1: Swinging Strike 2-2: Strikes out swinging
|
Top of the 2nd over - 0 run(s), 1 hit(s), 0 error(s), 1 left on base; Portland 0 - Los Angeles 0 |
BOTTOM OF THE 2ND |
Los Angeles Bruins batting - Pitching for Portland Philospher Kings : RHP Luis López
|
Batting: RHB Morgan Gibbon
|
0-0: Swinging Strike 0-1: Called Strike 0-2: Ball 1-2: Ball 2-2: Ball 3-2: Strikes out swinging
|
Batting: SHB Zach Franks
|
0-0: DOUBLE (Groundball, 3L)
|
Batting: RHB Mike Mills
|
0-0: Called Strike 0-1: Ball 1-1: Ground out 5-3 (Groundball, 5)
|
Batting: SHB Miguel González
|
0-0: Ball 1-0: Foul Ball, location: 2F 1-1: Foul Ball, location: 2F 1-2: Ball 2-2: Foul Ball, location: 2F 2-2: Ball 3-2: Ground out U3 (Groundball, 3L)
|
Bottom of the 2nd over - 0 run(s), 1 hit(s), 0 error(s), 1 left on base; Portland 0 - Los Angeles 0 |
TOP OF THE 3RD |
Portland Philospher Kings batting - Pitching for Los Angeles Bruins : RHP Alejandro Méndez
|
Batting: RHB Claudio Guerra
|
0-0: Ball 1-0: Hit by Pitch
|
Batting: RHB Dani Vázquez
|
0-0: Called Strike 0-1: Ball 1-1: Called Strike 1-2: SINGLE (Flyball, 8RS) Claudio Guerra to second
|
Batting: LHB Keith Beard
|
0-0: Fly out, F9 (Popup, 3D)
|
Batting: LHB Jeff Daniels
|
0-0: Ball 1-0: Ball 2-0: Called Strike 2-1: Ball 3-1: Foul Ball, location: 2F 3-2: SINGLE (Line Drive, 78S) Claudio Guerra to third Dani Vázquez to second
|
Batting: SHB José Alomar
|
0-0: Ball 1-0: Ball 2-0: Called Strike 2-1: Fly out, F3 (Popup, 13S)
|
Batting: LHB Paul Mullins
|
0-0: Foul Ball, location: 2F 0-1: Ball 1-1: Ground out 1-3 (Groundball, 15S)
|
Top of the 3rd over - 0 run(s), 2 hit(s), 0 error(s), 3 left on base; Portland 0 - Los Angeles 0 |
BOTTOM OF THE 3RD |
Los Angeles Bruins batting - Pitching for Portland Philospher Kings : RHP Luis López
|
Batting: LHB David Richardson
|
0-0: Swinging Strike 0-1: Ball 1-1: SINGLE (Line Drive, 56)
|
Batting: LHB José Antonio Santiago
|
0-0: Called Strike 0-1: Swinging Strike 0-2: Strikes out swinging
|
Batting: SHB Ramón Lugo
|
0-0: Ball David Richardson steals 2nd base 1-0: Fly out, F8 (Popup, 8RS)
|
Batting: RHB Rubén Calderón
|
0-0: Swinging Strike 0-1: Ball 1-1: Swinging Strike 1-2: Strikes out swinging
|
Bottom of the 3rd over - 0 run(s), 1 hit(s), 0 error(s), 1 left on base; Portland 0 - Los Angeles 0 |
TOP OF THE 4TH |
Portland Philospher Kings batting - Pitching for Los Angeles Bruins : RHP Alejandro Méndez
|
Batting: RHB Aaron Scott
|
0-0: Ball 1-0: Called Strike 1-1: Ball 2-1: Fly out, F8 (Flyball, 8RXD)
|
Batting: LHB Bill Bertrand
|
0-0: Ball 1-0: Ball 2-0: SINGLE (Line Drive, 9LS)
|
Batting: RHB Elpidio Martinho
|
0-0: Foul Ball, location: 2F 0-1: Foul Ball, location: 2F 0-2: Ball 1-2: Strikes out swinging
|
Batting: RHB Claudio Guerra
|
0-0: Ball Passed Ball! Bill Bertrand to second 1-0: Ball 2-0: Foul Ball, location: 2F 2-1: Ground out 6-3 (Groundball, 6)
|
Top of the 4th over - 0 run(s), 1 hit(s), 0 error(s), 1 left on base; Portland 0 - Los Angeles 0 |
BOTTOM OF THE 4TH |
Los Angeles Bruins batting - Pitching for Portland Philospher Kings : RHP Luis López
|
Batting: LHB Richard Hunter
|
0-0: Ball 1-0: Ball 2-0: Ball 3-0: Called Strike 3-1: Ground out 6-3 (Groundball, 56)
|
Batting: RHB Morgan Gibbon
|
0-0: Ball 1-0: Ball 2-0: Ground out 5-3 (Groundball, 56S)
|
Batting: SHB Zach Franks
|
0-0: Foul Ball, location: 2F 0-1: Ball 1-1: Ball 2-1: Fly out, F8 (Flyball, 8LD)
|
Bottom of the 4th over - 0 run(s), 0 hit(s), 0 error(s), 0 left on base; Portland 0 - Los Angeles 0 |
TOP OF THE 5TH |
Portland Philospher Kings batting - Pitching for Los Angeles Bruins : RHP Alejandro Méndez
|
Batting: RHB Dani Vázquez
|
0-0: Ball 1-0: Ball 2-0: Foul Ball, location: 2F 2-1: Foul Ball, location: 2F 2-2: Ball 3-2: Foul Ball, location: 2F 3-2: Base on Balls
|
Batting: LHB Keith Beard
|
0-0: Called Strike Dani Vázquez is caught stealing 2nd base 0-1: Ball 1-1: Foul Ball, location: 2F 1-2: Fly out, F5 (Popup, 56S)
|
Batting: LHB Jeff Daniels
|
0-0: Ball 1-0: Foul Ball, location: 2F 1-1: Foul Ball, location: 2F 1-2: Foul Ball, location: 2F 1-2: Strikes out swinging
|
Top of the 5th over - 0 run(s), 0 hit(s), 0 error(s), 0 left on base; Portland 0 - Los Angeles 0 |
BOTTOM OF THE 5TH |
Los Angeles Bruins batting - Pitching for Portland Philospher Kings : RHP Luis López
|
Batting: RHB Mike Mills
|
0-0: Ground out 5-3 (Groundball, 5L)
|
Batting: SHB Miguel González
|
0-0: Ball 1-0: Called Strike 1-1: Ball 2-1: Ground out U3 (Groundball, 3S)
|
Batting: LHB David Richardson
|
0-0: Foul Ball, location: 2F 0-1: Ball 1-1: Ball 2-1: Ball 3-1: Fly out, F9 (Flyball, 9M)
|
Bottom of the 5th over - 0 run(s), 0 hit(s), 0 error(s), 0 left on base; Portland 0 - Los Angeles 0 |
TOP OF THE 6TH |
Portland Philospher Kings batting - Pitching for Los Angeles Bruins : RHP Alejandro Méndez
|
Batting: SHB José Alomar
|
0-0: Called Strike 0-1: Ball 1-1: Swinging Strike 1-2: Ball 2-2: Ball 3-2: Strikes out swinging
|
Batting: LHB Paul Mullins
|
0-0: Fly out, F9 (Flyball, 9LM)
|
Batting: RHB Aaron Scott
|
0-0: Foul Ball, location: 2F 0-1: Ball 1-1: Fly out, F9 (Flyball, 89D)
|
Top of the 6th over - 0 run(s), 0 hit(s), 0 error(s), 0 left on base; Portland 0 - Los Angeles 0 |
BOTTOM OF THE 6TH |
Los Angeles Bruins batting - Pitching for Portland Philospher Kings : RHP Luis López
|
Batting: LHB José Antonio Santiago
|
0-0: Ball 1-0: Called Strike 1-1: Ball 2-1: Ball 3-1: Swinging Strike 3-2: Foul Ball, location: 2F Reached via error on a dropped throw, E3
|
Batting: SHB Ramón Lugo
|
0-0: Ball 1-0: Grounds into double play, 6-4-3 (Groundball, 6M)
|
Batting: RHB Rubén Calderón
|
0-0: Foul Ball, location: 2F 0-1: Ground out 1-3 (Groundball, 15)
|
Bottom of the 6th over - 0 run(s), 0 hit(s), 1 error(s), 0 left on base; Portland 0 - Los Angeles 0 |
TOP OF THE 7TH |
Portland Philospher Kings batting - Pitching for Los Angeles Bruins : RHP Alejandro Méndez
|
Now in RF: Shih-k'ai Huang
|
|
Batting: LHB Bill Bertrand
|
0-0: Ball 1-0: Called Strike 1-1: Foul Ball, location: 2F 1-2: Foul Ball, location: 2F 1-2: Fly out, F5 (Popup, 56)
|
Pinch Hitting: RHB Paco Arellano
|
0-0: SINGLE (Line Drive, 5D)
|
Batting: RHB Claudio Guerra
|
0-0: Ball 1-0: Called Strike 1-1: Ball 2-1: Foul Ball, location: 2F 2-2: 2-RUN HOME RUN (Flyball, 78XD), Distance : 396 ft
|
Batting: RHB Dani Vázquez
|
0-0: Called Strike 0-1: Swinging Strike 0-2: Ball 1-2: Ball 2-2: Ball 3-2: Foul Ball, location: 2F 3-2: Strikes out swinging
|
Batting: LHB Keith Beard
|
0-0: Called Strike 0-1: Called Strike 0-2: Ball 1-2: Strikes out looking
|
Top of the 7th over - 2 run(s), 2 hit(s), 0 error(s), 0 left on base; Portland 2 - Los Angeles 0 |
BOTTOM OF THE 7TH |
Los Angeles Bruins batting - Pitching for Portland Philospher Kings : RHP Luis López
|
Now in RF: Paco Arellano
|
|
Batting: LHB Richard Hunter
|
0-0: Ball 1-0: SINGLE (Line Drive, 34D)
|
Batting: RHB Morgan Gibbon
|
0-0: Ball 1-0: Ball 2-0: Foul Ball, location: 2F 2-1: Ball 3-1: DOUBLE (Line Drive, 7LS) Richard Hunter to third
|
Batting: SHB Zach Franks
|
0-0: Ball 1-0: Swinging Strike 1-1: 3-RUN HOME RUN (Flyball, 89XD), Distance : 447 ft
|
Batting: RHB Mike Mills
|
0-0: Called Strike 0-1: Ball 1-1: Ball 2-1: Ball 3-1: Called Strike 3-2: Ground out 6-3 (Groundball, 6M)
|
Batting: SHB Miguel González
|
0-0: Foul Ball, location: 2F 0-1: Called Strike 0-2: Strikes out swinging
|
Batting: RHB Shih-k'ai Huang
|
0-0: Swinging Strike 0-1: Swinging Strike 0-2: Ball 1-2: Ball 2-2: Ball 3-2: Ground out 5-3 (Groundball, 5S)
|
Bottom of the 7th over - 3 run(s), 3 hit(s), 0 error(s), 0 left on base; Portland 2 - Los Angeles 3 |
TOP OF THE 8TH |
Portland Philospher Kings batting - Pitching for Los Angeles Bruins : RHP Alejandro Méndez
|
Pitching: RHP José Valdéz
|
|
Batting: LHB Jeff Daniels
|
0-0: Swinging Strike 0-1: Ball 1-1: Ball 2-1: Foul Ball, location: 2F 2-2: Strikes out swinging
|
Batting: SHB José Alomar
|
0-0: Called Strike 0-1: Swinging Strike 0-2: Strikes out swinging
|
Pitching: RHP Mike Fisher
|
|
Batting: LHB Paul Mullins
|
0-0: Ball 1-0: Ground out 5-3 (Groundball, 56S)
|
Top of the 8th over - 0 run(s), 0 hit(s), 0 error(s), 0 left on base; Portland 2 - Los Angeles 3 |
BOTTOM OF THE 8TH |
Los Angeles Bruins batting - Pitching for Portland Philospher Kings : RHP Luis López
|
Pitching: LHP Valentín Reséndez
|
|
Batting: LHB José Antonio Santiago
|
0-0: Called Strike 0-1: Foul Ball, location: 2F 0-2: Foul Ball, location: 2F 0-2: Ball 1-2: Foul Ball, location: 2F 1-2: Ball 2-2: Strikes out swinging
|
Batting: SHB Ramón Lugo
|
0-0: Ball 1-0: Called Strike 1-1: Foul Ball, location: 2F 1-2: Ball 2-2: Foul Ball, location: 2F 2-2: Ball 3-2: Ground out 6-3 (Groundball, 6M)
|
Batting: RHB Rubén Calderón
|
0-0: Ball 1-0: Ground out 6-3 (Groundball, 6)
|
Bottom of the 8th over - 0 run(s), 0 hit(s), 0 error(s), 0 left on base; Portland 2 - Los Angeles 3 |
TOP OF THE 9TH |
Portland Philospher Kings batting - Pitching for Los Angeles Bruins : RHP Mike Fisher
|
Pitching: RHP Joe Cameron
|
|
Pinch Hitting: LHB Tom Blake
|
0-0: Ball 1-0: Ball 2-0: Called Strike 2-1: Swinging Strike 2-2: Ball 3-2: Base on Balls
|
Batting: LHB Bill Bertrand
|
0-0: Ball 1-0: Bunted foul 1-1: Sac Bunt - play at first, batter OUT! 1-4 Tom Blake to second
|
Batting: RHB Paco Arellano
|
0-0: Ball Tom Blake is caught stealing 3rd base 1-0: Ball 2-0: Called Strike 2-1: Fly out, F8 (Flyball, 8RS)
|
Top of the 9th over - 0 run(s), 0 hit(s), 0 error(s), 0 left on base; Portland 2 - Los Angeles 3 |
|